 Dungeon Crawl Stone Soup version 0.32-a0-999-gfa1cc04b1d (webtiles) character file.

Game seed: 6370572399705851144

16 chippings the Chiller (level 2, -7/20 HPs)
             Began as a Draconian Wanderer on Apr 25, 2024.
             Mangled by a gnoll
             ... wielding a +0 flail
              (12 damage)
             ... on level 1 of the Dungeon.
             The game lasted 00:01:51 (461 turns).

chippings the Chiller (Draconian Wanderer)           Turns: 461, Time: 00:01:52

Health: -7/20      AC:  4    Str: 11    XL:     2   Next: 37%
Magic:  2/4        EV: 11    Int: 11    God:
Gold:   80         SH:  0    Dex: 14    Spells: 3/4 levels left

rFire   + . .        e - +1 dagger (holy)
rCold   . . .        (no shield)
rNeg    . . .        (body armour unavailable)
rPois   .            c - +0 hat
rElec   .            (no cloak)
rCorr   .            (no gloves)
SInv    .            (no boots)
Will    .....        (no amulet)
Stlth   +            g - ring of protection from fire
HPRegen 0.23/turn    (no ring)
MPRegen 0.09/turn

%: no passive effects
@: no status effects
A: AC +4, unfitting armour, cold-blooded
a: no special abilities


You were on level 1 of the Dungeon.
You visited 1 branch of the dungeon, and saw 1 of its levels.

You collected 80 gold pieces.

Inventory:

Hand Weapons
 e - a +1 dagger of holy wrath (weapon)
Armour
 c - a +0 hat (worn)
Jewellery
 g - a ring of protection from fire (left hand)
Scrolls
 d - a scroll of revelation {unknown}
 f - a scroll of identify {unknown}
 h - a scroll of poison {unknown}
 j - a scroll of noise {unknown}
 k - a scroll of immolation {unknown}
Potions
 a - 2 potions of curing {unknown}
 b - a potion of lignification
 i - a potion of resistance {unknown}
 l - a potion of berserk rage {unknown}


   Skills:
 + Level 0.2 Fighting
 + Level 0.1 Short Blades
 - Level 2.0 Dodging
 + Level 1.5 Spellcasting
 - Level 2.0 Necromancy
 + Level 4.2 Ice Magic
 - Level 1.0 Evocations


You had 3 spell levels left.
You knew the following spells:

 Your Spells              Type           Power      Damage    Failure   Level
a - Freeze                Ice            40%        1d6       5%          1

Your spell library contained the following spells:

 Spells                   Type           Power      Damage    Failure   Level
 Necrotise                Necr           20%        1d5       14%         1
 Frozen Ramparts          Ice            20%        1d4       16%         3
 Hailstorm                Conj/Ice       5%         3d5       36%         3
 Vampiric Draining        Necr           5%         2d6       38%         3


Dungeon Overview and Level Annotations

Branches:
Dungeon (1/15)

Altars:


Innate Abilities, Weirdness & Mutations

Your plain brown scales are hard. (AC +4)
You cannot fit into any form of body armour.
You are cold-blooded and may be slowed by cold attacks.


Message History

The ball python bites you but does no damage.
The ball python grabs you. The ball python constricts you.
You hit the ball python.
You kill the ball python!
You see here a ball python corpse.
There is a staircase leading out of the dungeon here.
A gnoll and a goblin come into view.
Found a fuming purple potion and 4 boomerangs.
The gnoll shouts!
The goblin shouts!
A giant cockroach comes into view.
You hit the gnoll.
Your tail-slap misses the gnoll.
The gnoll is lightly wounded.
The goblin hits you but does no damage. The gnoll misses you.
You barely miss the gnoll. You tail-slap the gnoll.
The gnoll is moderately wounded.
A kobold comes into view. It is wielding a +0 dagger.
The gnoll hits you with a +0 flail! The goblin barely misses you.
You hit the gnoll.
You tail-slap the gnoll, but do no damage.
The gnoll is moderately wounded.
The gnoll hits you with a +0 flail. The goblin hits you with a +0 club.
* * * LOW HITPOINT WARNING * * *
You are too injured to fight recklessly!
Casting: Freeze (safe; 5% risk of failure)
Confirm with . or Enter, or press ? or * to list all spells.
Aiming: Freeze (safe; 5% risk of failure)
Press: ? - help, Shift-Dir - straight line, f - gnoll
Aim: a gnoll, wielding a +0 flail (moderately wounded)
You freeze the gnoll.
The gnoll is heavily wounded.
Casting: Freeze (safe; 5% risk of failure)
Confirm with . or Enter, or press ? or * to list all spells.
Aiming: Freeze (safe; 5% risk of failure)
Press: ? - help, Shift-Dir - straight line, f/p - gnoll
Aim: a gnoll, wielding a +0 flail (heavily wounded)
You freeze the gnoll.
The gnoll is heavily wounded.
The gnoll hits you with a +0 flail!
Ouch! That really hurt!
You die...

####### ####.....###
#....#.#...# ###
##....#@#...##########..
#...###g###.............
#...#.KgB.#...#.######..
#.###.###.###.#.# ###
#.#(.. ..!#.#.# #.###
###.#.# #...# #...#.#
###รท### ###.)##.##
#...# #........#


You could see a gnoll, a giant cockroach, a goblin and a kobold.

Vanquished Creatures
  4 endoplasms (D:1)
  3 goblins (D:1)
  4 hobgoblins (D:1)
  A ball python (D:1)
  A frilled lizard (D:1)
13 creatures vanquished.

Notes
Turn   | Place    | Note
-------+----------+-------------------------------------------
     0 | D:1      | chippings the Draconian Wanderer began the quest for the
                  | Orb.
     0 | D:1      | chippings set off with the following items: a +0 dagger, a
                  | potion of lignification, a +0 hat; and the following spells
                  | available to memorise: Freeze, Necrotise, Frozen Ramparts,
                  | Hailstorm, Vampiric Draining.
     0 | D:1      | Reached XP level 1. HP: 14/14 MP: 2/2
     3 | D:1      | Learned a level 1 spell: Freeze
   105 | D:1      | Reached XP level 2. HP: 18/20 MP: 4/4
   461 | D:1      | Mangled by a gnoll

Illustrated notes

Levels and vault maps discovered:
D:1:      amcnicky_arrival_double_pillar, layout_rooms, minmay_quantized

Skill      XL: |  1 |
---------------+----+-----
Dodging        | 2 |  2.0
Fighting       | |  0.2
Short Blades   | |  0.1
Spellcasting   | |  1.5
Necromancy     | |  2.0
Ice Magic      | |  4.2
Evocations     | |  1.0

Action                     || total
---------------------------++-------
  Melee: Dagger            ||    49
         Tailslap          ||     8
   Cast: Freeze            ||     4
 Armour: Skin              ||    30
  Dodge: Dodged            ||    27

Table legend: (Time is in decaauts)
 A = Elapsed time spent in this place.
 B = Non-inter-level travel time spent in this place.
 C = Inter-level travel time spent in this place.
 D = Time resting spent in this place.
 E = Time spent auto-exploring this place.
 F = Levels seen in this place.
 G = Mean time per level.
                   A        B        C        D        E       F      G
               +--------+--------+--------+--------+--------+-----+--------+
         Total |    461 |    461 |      0 |      0 |    268 |   1 |  461.0 |
       Dungeon |    461 |    461 |      0 |      0 |    268 |   1 |  461.0 |
               +--------+--------+--------+--------+--------+-----+--------+

Top non-repeatable levels by time:
     D:1: 461 daAuts
